 Dungeon Crawl Stone Soup version 0.30.0-2-g1aa4bd4387 (webtiles) character file.

Game seed: 5283741711265809782

1052 gojo231 the Trooper (level 8, 0/61 HPs)
             Began as a Human Cinder Acolyte on May 7, 2023.
             Was an Initiate of Wu Jian.
             Slain by a thrashing horror (8 damage)
             ... created by the touch of Lugonu
             ... on level 4 of the Dungeon.
             The game lasted 00:13:53 (3663 turns).

gojo231 the Trooper (Human Cinder Acolyte)          Turns: 3663, Time: 00:13:54

Health: 0/61       AC:  5    Str: 17    XL:     8   Next: 50%
Magic:  11/11      EV: 11    Int: 15    God:    Wu Jian [......]
Gold:   123        SH:  0    Dex:  8    Spells: 10/11 levels left

rFire   . . .        g - +2 dagger (drain)
rCold   + + .        (no shield)
rNeg    . . .        o - +0 ring mail {rC+}
rPois   .            e - melded +0 helmet
rElec   .            l - scarf {rC+ rF+}
rCorr   .            (no gloves)
SInv    .            (boots currently unavailable)
Will    .....        k - amulet of regeneration
Stlth   +            f - ring of flight
HPRegen 1.10/turn    (no ring)
MPRegen 0.12/turn

%: no passive effects
@: appendages (expiring), flying, fire susceptible
A: horns 2, talons 2
a: End Transformation, Renounce Religion


You were on level 4 of the Dungeon.
You worshipped Wu Jian.
Wu Jian was noncommittal.
You had temporarily grown beastly horns and talons.
You visited 1 branch of the dungeon, and saw 4 of its levels.

You collected 123 gold pieces.

Inventory:

Hand Weapons
 a - a -1 spear of flaming
 g - a +2 dagger of draining (weapon)
 s - a +0 flail of draining
Armour
 b - a +0 robe
 e - a +0 helmet (melded)
 l - a scarf of resistance (worn)
 o - a +0 ring mail of cold resistance (worn)
Jewellery
 f - a ring of flight (left hand)
 k - an amulet of regeneration (around neck)
Wands
 m - a wand of paralysis (8)
 t - a wand of flame (26)
Scrolls
 c - 3 scrolls of identify {unknown}
 d - a scroll of teleportation {unknown}
 i - a scroll of noise {unknown}
 r - a scroll of silence {unknown}
 u - a scroll of blinking {unknown}
 x - a scroll of enchant weapon {unknown}
Potions
 h - 2 potions of mutation {unknown}
 j - a potion of flight {unknown}
 n - 2 potions of resistance {unknown}
 p - 2 potions of might {unknown}
 q - a potion of attraction {unknown}
 v - a potion of cancellation {unknown}
 w - 2 potions of curing {unknown}


   Skills:
 + Level 4.8 Fighting
 + Level 3.4 Short Blades
 + Level 3.4 Polearms
 + Level 3.7 Armour
 + Level 4.3 Dodging
 + Level 1.5 Stealth
 + Level 2.3 Spellcasting
 + Level 1.4 Transmutations
 + Level 3.4 Fire Magic
 + Level 0.8 Evocations


You had 10 spell levels left.
You knew the following spells:

 Your Spells              Type           Power      Damage    Failure   Level
a - Beastly Appendage     Tmut           12%        N/A       21%         1

Your spell library contained the following spells:

 Spells                   Type           Power      Damage    Failure   Level
 Scorch                   Fire           24%        2d6       14%         2
 Wereblood                Tmut           6%         N/A       30%         2
 Apportation              Tloc           2%         N/A       36%         1
 Necrotise                Necr           4%         1d4       36%         1
 Shock                    Conj/Air       4%         1d3       36%         1
 Summon Small Mammal      Summ           4%         N/A       36%         1
 Spider Form              Tmut/Pois      3%         N/A       63%         3
 Swiftness                Air            1%         N/A       75%         3
 Vhi's Electric Charge    Tloc/Air       2%         N/A       75%         3
 Airstrike                Air            0%         2d(1-17)  98%         4
 Arcjolt                  Conj/Air       0%         1d10      100%        5
 Maxwell's Capacitive Co  Air            0%         ∞         100%        8


Dungeon Overview and Level Annotations

Branches:
Dungeon (4/15)
 Temple: D:4-7

Altars:
Kikubaaqudgha
Wu Jian
Lugonu

Shops:
D:1 (*

Annotations:
Abyss:1 Duvessa, Pikel


Innate Abilities, Weirdness & Mutations

You have temporarily grown beastly horns and talons.


Message History

Your headbutt misses the thrashing horror.
The thrashing horror closely misses you.
The thrashing horror tramples you.
You are shoved backwards!
You hit the small abomination.
You claw the small abomination, but do no damage.
The small abomination is lightly damaged.
The thrashing horror tramples you.
You are shoved backwards!
You barely miss the small abomination. You claw the small abomination.
The small abomination is lightly damaged.
Your transformation is almost over.
The thrashing horror tramples you!
* * * LOW HITPOINT WARNING * * *
You hold your ground!
The thrashing horror tramples you.
* * * LOW HITPOINT WARNING * * *
You hold your ground!
The small abomination hits you!
* * * LOW HITPOINT WARNING * * *
You hit the small abomination but do no damage.
The small abomination is lightly damaged.
The thrashing horror closely misses you.
The thrashing horror tramples you.
* * * LOW HITPOINT WARNING * * *
You are shoved backwards!
The thrashing horror attacks as you move away!
The thrashing horror barely misses you.
The thrashing horror tramples you but does no damage.
The small abomination attacks as you move away!
The small abomination completely misses you.
The thrashing horror barely misses you.
The thrashing horror closely misses you.
You see here a book of Air.
You pick up a book of Air and begin reading...
You add the spells Shock, Swiftness and Airstrike to your library.
The small abomination completely misses you.
Okay, then.
Aiming: Throw Flame
Press: ? - help, Shift-Dir - straight line
Okay, then.
Memorise Scorch, consuming 2 spell levels and leaving 8?
The thrashing horror tramples you!
Your memorisation is interrupted.
You die...

..# #.##..).)#####
..########.##..........
...........##.....#####
..#######..##.....# ###
#..##.....# #..##.....#
#..##.....# #..##..X.x#
#..##...@.# #..##.....#
#######


You could see a thrashing horror and a small abomination.

Vanquished Creatures
  Grinder (D:4)
  A scorpion (D:4)
  Dowan (D:4)
  An iguana (D:4)
  Natasha (thrice) (D:3)
  3 gnolls (D:4)
  6 adders
  A worm (D:2)
  2 dart slugs
  An endoplasm (D:4)
  3 giant cockroaches
  10 goblins
  5 hobgoblins
  5 jackals (D:1)
  2 quokkas (D:1)
  7 ball pythons
  4 bats
  4 frilled lizards
  5 kobolds
  4 rats
69 creatures vanquished.

Notes
Turn   | Place    | Note
-------+----------+-------------------------------------------
     0 | D:1      | gojo231 the Human Cinder Acolyte began the quest for the
                  | Orb.
     0 | D:1      | Reached XP level 1. HP: 18/18 MP: 2/2
   187 | D:1      | Reached XP level 2. HP: 24/24 MP: 3/3
   192 | D:1      | Found a faded altar of an unknown god.
   195 | D:1      | Prayed at the altar of an unknown god.
   195 | D:1      | Fell from the grace of Ignis
   195 | D:1      | Became a worshipper of Lugonu the Unformed
   195 | D:1      | Reached * piety under Lugonu
   255 | D:1      | Found Xieh's Assorted Antiques.
   448 | D:1      | Learned a level 1 spell: Beastly Appendage
   570 | D:1      | Banished a fire elemental
   570 | D:1      | Banished a fire elemental
   571 | D:1      | Found Paisobegh's Antique Weapon Emporium.
   718 | D:1      | Reached XP level 3. HP: 29/29 MP: 4/4
   793 | D:1      | Reached ** piety under Lugonu
  1232 | D:2      | Reached XP level 4. HP: 6/37 MP: 3/5
  1294 | D:2      | Banished a fire elemental
  1294 | D:2      | Banished a fire elemental
  1423 | D:2      | Banished a fire elemental
  1423 | D:2      | Banished a fire elemental
  1423 | D:2      | Banished a fire elemental
  2015 | D:3      | Noticed Natasha
  2032 | D:3      | Killed Natasha
  2033 | D:3      | Reached skill level 1 in Dodging
  2033 | D:3      | Reached XP level 5. HP: 30/42 MP: 7/7
  2258 | D:3      | Noticed Natasha
  2262 | D:3      | Killed Natasha
  2394 | D:3      | Noticed Natasha
  2405 | D:3      | Killed Natasha
  2406 | D:3      | Reached skill level 1 in Short Blades
  2407 | D:3      | Found an ancient bone altar of Kikubaaqudgha.
  2652 | D:3      | You are sucked into a shaft and drop 1 floor!
  2660 | D:4      | Noticed Grinder
  2681 | D:4      | Paralysed by Grinder for 2 turns
  2685 | D:4      | HP: 1/42 [Grinder/nerve-wracking pain (2)]
  2688 | D:4      | Killed Grinder
  2689 | D:4      | Reached skill level 1 in Armour
  2689 | D:4      | Reached XP level 6. HP: 5/48 MP: 6/8
  2689 | D:4      | Reached XP level 7. HP: 6/54 MP: 6/9
  2739 | D:4      | Noticed Pikel
  2753 | D:4      | Noticed Dowan
  2754 | D:4      | Noticed Duvessa
  2763 | D:4      | Banished Pikel
  2763 | D:4      | Banished Duvessa
  2764 | D:4      | Reached skill level 1 in Stealth
  2764 | D:4      | Reached skill level 1 in Transmutations
  2764 | D:4      | Reached XP level 8. HP: 61/61 MP: 9/11
  2792 | D:4      | Killed Dowan
  2819 | D:4      | Found an ornate altar of the Wu Jian Council.
  3563 | D:4      | Fell from the grace of Lugonu
  3563 | D:4      | Became a worshipper of the Wu Jian Council
  3652 | D:4      | Noticed a thrashing horror
  3652 | D:4      | Noticed a small abomination
  3663 | D:4      | Slain by a thrashing horror

Illustrated notes

Levels and vault maps discovered:
D:1:      minmay_arrival_doors, layout_loops_corners, serial_shops,
          nicolae_shop_window_shopping, shop,
          shapermc_ecumenical_altar_mp_vishouse
D:2:      layout_basic
D:3:      layout_basic, mainiacjoe_overflow_brackets, minmay_hedge_maze,
          uniq_natasha
D:4:      layout_basic, lemuel_coloured_pillars_altar,
          grunt_dithmenos_smoke_and_mirrors, lemuel_tele_altar, uniq_duvessa,
          uniq_grinder, uniq_pikel

Skill      XL: |  1  2  3  4  5  6  7  8 |
---------------+-------------------------+-----
Dodging        | 1 2 3 4 |  4.3
Fighting       | 4 |  4.8
Short Blades   | 2 3 |  3.4
Armour         | 1 3 |  3.7
Stealth        | 1 |  1.5
Spellcasting   | 2 |  2.3
Transmutations | 1 |  1.4
Polearms       | |  3.4
Fire Magic     | |  3.4
Evocations     | |  0.8

Action                     |  1- 3 |  4- 6 |  7- 9 || total
---------------------------+-------+-------+-------++-------
  Melee: Spear             |    31 |       |       ||    31
         Dagger            |    67 |   133 |    90 ||   290
         Kick              |     4 |     4 |     5 ||    13
         Headbutt          |     1 |     4 |     1 ||     6
         Punch             |     1 |       |       ||     1
   Cast: Beastly Appendage |     4 |     5 |     4 ||    13
Ability: Lunge             |       |       |     3 ||     3
  Evoke: Wand              |     1 |       |       ||     1
 Armour: Robe              |    34 |     4 |       ||    38
         Ring mail         |       |    55 |    30 ||    85
  Dodge: Dodged            |    64 |    73 |    62 ||   199
